 Dungeon Sprint DCSS version 0.21-a0-401-g0b6bec4 (webtiles) character file.

1386 pipel the Impaler (level 8, -11/68 HPs)
             Began as a Merfolk Gladiator on Oct 25, 2017.
             Was a Priest of Okawaru.
             Mangled by a mummy (13 damage)
             ... summoned by a vampire mage
             ... in the Dungeon (Sprint VII: "The Pits").
             The game lasted 00:06:30 (1079 turns).

pipel the Impaler (Merfolk Gladiator)               Turns: 1079, Time: 00:06:31

Health: -11/68     AC: 12    Str: 14    XL:     8   Next: 67%
Magic:  10/10      EV: 17    Int:  8    God:    Okawaru [***...]
Gold:   0          SH:  0    Dex: 17    Spells: 7/7 levels left

rFire    . . .     SeeInvis .   a - +2 halberd (chop)
rCold    . . .     Gourm    .   (shield currently unavailable)
rNeg     . . .     Faith    .   G - +5 ring mail
rPois    .         Spirit   .   c - +0 helmet
rElec    .         Reflect  .   F - +0 cloak
rCorr    .         Harm     .   (no gloves)
MR       .....     NoTele   +   (no boots)
Stlth    ++........             (no amulet)
HPRegen  0.21/turn              (no ring)
MPRegen  0.12/turn              (no ring)

@: drained
A: change form in water, swift swim, stealthy swim
a: Heroism, Renounce Religion


You were in the Dungeon.
You worshipped Okawaru.
Okawaru was most pleased with you.
You were not hungry.

You visited 1 branch

Inventory:

Hand Weapons
 a - a +2 halberd of chopping (weapon)
 m - a +0 trident
 D - a +2 trident
 E - the +2 morningstar "Arbiter" {crush, rN++ MR+ Str+4 Int-5}
   (You found it in the Dungeon)

   It inflicts extra damage upon your enemies.
   It affects your strength (+4).
   It affects your intelligence (-5).
   It greatly protects you from negative energy.
   It affects your resistance to hostile enchantments.
Missiles
 d - 3 throwing nets
 o - 10 stones (quivered)
Armour
 b - a +0 leather armour
 c - a +0 helmet (worn)
 j - a +0 troll leather armour {Purgy}
 l - a +3 chain mail
 F - a +0 cloak (worn)
 G - a +5 ring mail (worn)
Magical Staves
 p - an uncursed staff of energy
Jewellery
 x - a +3 ring of protection
 y - a +3 ring of protection
Scrolls
 k - a scroll of blinking
 q - 3 scrolls of remove curse
 r - 5 scrolls of amnesia
 s - a scroll of summoning
 t - 2 scrolls of vulnerability
Potions
 e - 6 potions of curing
 g - 5 potions of heal wounds
 h - 2 potions of haste
 i - 4 potions of magic
 n - 2 potions of invisibility
 z - a potion of brilliance
 A - 3 potions of agility
 B - a potion of might
 C - a potion of berserk rage
Comestibles
 f - 8 bread rations
 u - 40 fruits
 v - 7 meat rations
 w - 5 chunks of flesh


   Skills:
 + Level 8.2(6.9) Fighting
 - Level 16.4(14.8) Polearms
 + Level 4.4(3.2) Throwing
 + Level 3.8(2.7) Armour
 + Level 11.8(10.4) Dodging
 + Level 5.7(4.5) Stealth
 + Level 3.7(2.6) Invocations


You had 7 spell levels left.
You didn't know any spells.

Dungeon Overview and Level Annotations

Branches:
Dungeon (1/1)

Altars:
Ashenzari
Cheibriados
Dithmenos
Elyvilon
Fedhas
Gozag
Hepliaklqana
Kikubaaqudgha
Makhleb
Nemelex Xobeh
Okawaru
Qazlal
Ru
Sif Muna
Trog
Uskayaw
Vehumet
Wu Jian
Xom
Yredelemnul
Zin
The Shining One
Beogh
Jiyva
Lugonu


Message History

The mummy hits you but does no damage.
You hit something. The adder zombie barely misses you.
Unholy energy fills the air.
Something hits you but does no damage. Something completely misses you.
The soldier ant barely misses you.
Unknown command.
You hit something but do no damage. The mummy hits you but does no damage.
The adder zombie barely misses you.
Your ring mail prevents you from hitting something.
You hear some strange, mumbled words.
Something tries to affect you, but you resist.
The soldier ant misses you.
You hear some strange, mumbled words.
Unknown command.
You feel much better. The adder zombie bites you. Something hits you!
Something completely misses you.
Unholy energy fills the air.
* * * LOW HITPOINT WARNING * * *
The soldier ant stings you!
* * * LOW HITPOINT WARNING * * *
The mummy hits you!
You die...

.#.[##................#
.#))#####'#####''######
##))##.......##''#
.#))##.......##..#
.#..##.......##..#
.#)###...<...##..#
....##.......##..#
....##.......##WZ##
######.......##M@a#
.#.. ##########{{Z.+
.#.############.zn##
.#.#....#....##.V##
.#รท#....#..[[##..#
)#.'....'...)##..#
)#'#....#...)##..#
.'.#....#..))##..#
##############


You could see a phantasmal warrior, a soldier ant, a vampire, a necrophage, a
mummy, a wight, a giant cockroach simulacrum and an adder zombie.

Vanquished Creatures
  A spiny frog (D)
  A tyrant leech (D)
  A flying skull (D)
  A fire bat (D)
  Purgy (D)
  A water moccasin (D)
  A bullfrog (D)
  A scorpion (D)
  5 wights (D)
  A jelly (D)
  2 worker ants (D)
  A river rat (D)
  An ufetubus (D)
  An ooze (D)
  A leopard gecko (D)
  An orc (D)
  A ball python (D)
  A bat (D)
  A bat skeleton (D)
  A bat zombie (D)
  A goblin (D)
  2 hobgoblins (D)
  3 jackals (D)
  A quokka (D)
32 creatures vanquished.

Notes
Turn   | Place    | Note
-------+----------+-------------------------------------------
     0 | D        | pipel the Merfolk Gladiator began the quest for the Orb.
     0 | D        | Reached XP level 1. HP: 16/16 MP: 1/1
     9 | D        | Reached skill level 5 in Polearms
    44 | D        | Found a glowing golden altar of the Shining One.
    44 | D        | Found a glowing silver altar of Zin.
    44 | D        | Found a basalt altar of Yredelemnul.
    44 | D        | Found a shimmering altar of Xom.
    44 | D        | Found an ornate altar of the Wu Jian Council.
    44 | D        | Found a bloodstained altar of Trog.
    44 | D        | Found a deep blue altar of Sif Muna.
    44 | D        | Found a sacrificial altar of Ru.
    44 | D        | Found a stormy altar of Qazlal.
    44 | D        | Found an iron altar of Okawaru.
    44 | D        | Found a sparkling altar of Nemelex Xobeh.
    44 | D        | Found a burning altar of Makhleb.
    44 | D        | Found a viscous altar of Jiyva.
    44 | D        | Found a hazy altar of Hepliaklqana.
    44 | D        | Found an opulent altar of Gozag.
    44 | D        | Found a blossoming altar of Fedhas.
    44 | D        | Found a white marble altar of Elyvilon.
    44 | D        | Found a shadowy altar of Dithmenos.
    44 | D        | Found a snail-covered altar of Cheibriados.
    45 | D        | Found a radiant altar of Vehumet.
    45 | D        | Found a corrupted altar of Lugonu.
    45 | D        | Found a roughly hewn altar of Beogh.
    46 | D        | Found an ancient bone altar of Kikubaaqudgha.
    46 | D        | Found a hide-covered altar of Uskayaw.
    46 | D        | Found a shattered altar of Ashenzari.
    50 | D        | Became a worshipper of Warmaster Okawaru
    60 | D        | Noticed a worker ant
    67 | D        | Killed a worker ant
    67 | D        | Reached skill level 6 in Polearms
    67 | D        | Reached XP level 2. HP: 24/24 MP: 2/2
    67 | D        | Reached XP level 3. HP: 29/29 MP: 3/3
   156 | D        | Reached skill level 7 in Polearms
   239 | D        | Reached skill level 1 in Invocations
   321 | D        | Noticed a water moccasin
   330 | D        | Killed a water moccasin
   330 | D        | Reached skill level 9 in Polearms
   330 | D        | Reached skill level 1 in Armour
   330 | D        | Reached XP level 4. HP: 37/37 MP: 4/6
   330 | D        | Reached XP level 5. HP: 42/42 MP: 4/7
   393 | D        | Noticed a fire bat
   429 | D        | Reached * piety under Okawaru
   429 | D        | Reached skill level 10 in Polearms
   599 | D        | Killed a fire bat
   599 | D        | Reached skill level 5 in Fighting
   599 | D        | Reached skill level 12 in Polearms
   599 | D        | Reached skill level 1 in Stealth
   599 | D        | Reached XP level 6. HP: 51/51 MP: 8/8
   658 | D        | Reached skill level 13 in Polearms
   658 | D        | Reached skill level 10 in Dodging
   660 | D        | Noticed a spiny frog
   663 | D        | Killed a spiny frog
   663 | D        | Reached ** piety under Okawaru
   663 | D        | Reached skill level 14 in Polearms
   663 | D        | Reached XP level 7. HP: 54/59 MP: 6/9
   765 | D        | Noticed a flying skull
   765 | D        | Noticed Purgy
   771 | D        | Killed Purgy
   771 | D        | Reached skill level 15 in Polearms
   785 | D        | Killed a flying skull
   785 | D        | Reached *** piety under Okawaru
   785 | D        | Reached XP level 8. HP: 58/67 MP: 8/10
   861 | D        | Reached skill level 5 in Stealth
   906 | D        | Reached skill level 16 in Polearms
   909 | D        | Noticed a tyrant leech
   932 | D        | Killed a tyrant leech
   969 | D        | Got the +2 morningstar "Arbiter" {crush, rN++ MR+ Str+4 Int-5}
  1041 | D        | Noticed a vampire mage
  1073 | D        | Noticed a vampire
  1079 | D        | Noticed a vampire
  1079 | D        | Noticed a phantasmal warrior
  1079 | D        | HP: 2/68 [soldier ant (9)]
  1079 | D        | Mangled by a mummy

Vault maps used:
D:        pitsprint

Skill      XL: |  1  2  3  4  5  6  7  8 |
---------------+-------------------------+-----
Polearms       | 6 9 12 14 15 16 | 16.4
Fighting       | 3 4 5 6 7 8 |  8.2
Dodging        | 6 8 9 10 11 | 11.8
Invocations    | 3 |  3.7
Throwing       | 3 4 |  4.4
Armour         | 1 2 3 |  3.8
Stealth        | 1 3 4 5 |  5.7

Action                   |  1- 3 |  4- 6 |  7- 9 || total
-------------------------+-------+-------+-------++-------
Melee: Trident           |    37 |    20 |    87 ||   144
       Halberd           |       |       |    18 ||    18
Invok: Heroism           |       |     1 |     4 ||     5
  Use: Potion            |     2 |     1 |     3 ||     6
 Stab: Distracted        |       |     1 |       ||     1
       Sleeping          |       |     2 |     2 ||     4
  Eat: Chunk             |       |       |     1 ||     1
Armor: Leather armour    |     2 |     1 |     1 ||     4
       Troll leather arm |       |       |    11 ||    11
       Ring mail         |       |       |     8 ||     8
Dodge: Dodged            |    18 |     6 |    85 ||   109

Table legend:
 A = Spawn XP
 B = Non-spawn XP
 C = Spawn XP percentage of total XP
 D = Spawn monster count
 E = Non-spawn monster count
 F = Spawn count percentage of total count
 G = Total turns spent on level
                    A         B        C        D         E        F      G
               +---------+---------+-------+---------+---------+-------+---------
         Total |       0 |    1981 |   0.0 |       0 |      32 |   0.0 |  1079
               +---------+---------+-------+---------+---------+-------+---------
             D |       0 |    1981 |   0.0 |       0 |      32 |   0.0 |  1079
               +---------+---------+-------+---------+---------+-------+---------
